 Dungeon Crawl Stone Soup version 0.25.0-10-g039870ee82 (webtiles) character file.

Game seed: 6742294405151040269

74 funkygono the Conjurer (level 4, -7/24 HPs)
             Began as a Gargoyle Conjurer on June 22, 2020.
             Mangled by Sigmund
             ... wielding a +0 scythe
              (10 damage)
             ... on level 2 of the Dungeon.
             The game lasted 00:03:38 (1179 turns).

funkygono the Conjurer (Gargoyle Conjurer)          Turns: 1179, Time: 00:03:38

Health: -7/24      AC:  7    Str: 12    XL:     4   Next: 30%
Magic:  0/7        EV: 11    Int: 16    God:
Gold:   27         SH:  0    Dex: 10    Spells: 2/8 levels left

rFire    . . .     SeeInvis .   h - +0 club (curse)
rCold    . . .     Gourm    .   (no shield)
rNeg     + . .     Faith    .   d - +0 leather armour
rPois    ∞         Spirit   .   (no helmet)
rElec    +         Reflect  .   (no cloak)
rCorr    .         Harm     .   b - +0 pair of gloves
MR       .....                  (no boots)
Stlth    ++........             (no amulet)
HPRegen  0.08/turn              (no ring)
MPRegen  0.10/turn              (no ring)

@: no status effects
A: negative energy resistance 1, electricity resistance, unbreathing,
petrification resistance, rot immunity, AC +3
a: no special abilities


You were on level 2 of the Dungeon.
You were not hungry.

You visited 1 branch of the dungeon, and saw 2 of its levels.

You collected 27 gold pieces.

Inventory:

Hand Weapons
 h - a cursed +0 club (weapon)
Missiles
 e - 61 stones (quivered)
Armour
 a - a +0 robe
 b - a +0 pair of gloves (worn)
 d - a +0 leather armour (worn)
Scrolls
 g - a scroll of magic mapping
 l - 2 scrolls of enchant weapon {unknown}
Potions
 f - a potion of heal wounds {unknown}
 i - a potion of magic
 k - a potion of lignification {unknown}
Comestibles
 c - 4 rations
 j - 4 chunks of flesh


   Skills:
 + Level 0.5 Fighting
 + Level 0.3 Maces & Flails
 * Level 1.0 Armour
 + Level 2.0 Dodging
 + Level 2.4 Stealth
 + Level 2.5 Spellcasting
 + Level 5.2 Conjurations


You had 2 spell levels left.
You knew the following spells:

 Your Spells              Type           Power        Failure   Level  Hunger
a - Magic Dart            Conj           ###.         3%          1    #......
b - Searing Ray           Conj           ###...       4%          2    ##.....
c - Dazzling Flash        Conj/Hex       ##....       26%         3    ###....

Your spell library contained the following spells:

 Spells                   Type           Power        Failure   Level  Hunger
 Fulminant Prism          Conj/Hex       ##........   65%         4    #####..
 Iskenderun's Mystic Bla  Conj/Tloc      ##......     65%         4    #####..


Dungeon Overview and Level Annotations

Branches:
Dungeon (2/15)

Altars:
Uskayaw

Annotations:
D:2 Sigmund


Innate Abilities, Weirdness & Mutations

You are resistant to torment.
Your stone body is resilient. (AC +3)
You are immune to poison.
You resist negative energy. (rN+)
You are resistant to electric shocks. (rElec)
You can survive without breathing.
You are immune to petrification.
You are immune to rotting.


Message History

You hit something. Something hits you but does no damage.
Casting: Magic Dart (safe; 3% risk of failure)
Confirm with . or Enter, or press ? or * to list all spells.
You can't see any susceptible monsters within range! (Use Z to cast anyway.) Unknown command.
Casting: Magic Dart (safe; 3% risk of failure)
Confirm with . or Enter, or press ? or * to list all spells.
You can't see any susceptible monsters within range! (Use Z to cast anyway.) Unknown command.
Casting: Magic Dart (safe; 3% risk of failure)
Confirm with . or Enter, or press ? or * to list all spells.
Aiming: Searing Ray (safe; 4% risk of failure)
Press: ? - help, Shift-Dir - straight line (Press . to maintain the ray.)
You hear some strange, mumbled words.
A magic dart appears from out of thin air!
The magic dart hits you.
* * * LOW HITPOINT WARNING * * *
The searing ray hits something!
Something hits you!
You die...

.......!..#
..........#.#
....).....#.#######
..........#........
..........#........
.......#...........
#####..#.##........
##..{##........
##..@.........
#######.###........
#.......##.........
#.......#...#...#..
.####
#.....÷.......#.# #
....
#........##.###.#
..> #.......###.# #
#.. #.......##..#
##.8 ######.###.##
######...


There were no monsters in sight!

Vanquished Creatures
  3 adders (D:2)
  2 dart slugs (D:2)
  2 leopard geckos (D:1)
  4 bats (D:1)
  4 giant cockroaches (D:1)
  10 goblins
  5 hobgoblins
  A ball python (D:2)
  2 frilled lizards (D:2)
  2 kobolds
  3 rats
38 creatures vanquished.

Notes
Turn   | Place    | Note
-------+----------+-------------------------------------------
     0 | D:1      | funkygono the Gargoyle Conjurer began the quest for the
                  | Orb.
     0 | D:1      | Reached XP level 1. HP: 10/10 MP: 3/3
   185 | D:1      | Reached XP level 2. HP: 15/15 MP: 0/5
   202 | D:1      | Learned a level 2 spell: Searing Ray
   404 | D:1      | Reached skill level 5 in Conjurations
   517 | D:1      | Reached XP level 3. HP: 20/20 MP: 3/6
   528 | D:1      | Learned a level 3 spell: Dazzling Flash
   927 | D:2      | Reached XP level 4. HP: 21/24 MP: 1/7
   984 | D:2      | Found a hide-covered altar of Uskayaw.
  1117 | D:2      | Reached skill level 1 in Armour
  1154 | D:2      | Noticed Sigmund
  1179 | D:2      | Mangled by Sigmund

Illustrated notes

Levels and vault maps discovered:
D:1:      giann_forest_graveyard, layout_basic
D:2:      layout_rooms, eat_drink_and_be_merry_uskayaw, uniq_sigmund,
          uniq_jessica

Skill      XL: |  1  2  3  4 |
---------------+-------------+-----
Conjurations   | 5 |  5.2
Dodging        | 2 |  2.0
Armour         | 1 |  1.0
Fighting       | |  0.5
Maces & Flails | |  0.3
Stealth        | |  2.4
Spellcasting   | |  2.5

Action                   |  1- 3 |  4- 6 || total
-------------------------+-------+-------++-------
Melee: Club              |    57 |     3 ||    60
 Cast: Magic Dart        |    50 |    16 ||    66
       Searing Ray       |     1 |     1 ||     2
  Use: Scroll            |     2 |       ||     2
  Eat: Chunk             |     1 |     1 ||     2
Armor: Leather armour    |    36 |     7 ||    43
Dodge: Dodged            |    39 |     1 ||    40
